 Dungeon Crawl Stone Soup version 0.31-a0-656-gb4d89c20fa (webtiles) character file.

Game seed: 531002268715520290

52 subawu the Digger (level 3, -3/26 HPs)
             Began as a Draconian Earth Elementalist on Aug 30, 2023.
             Killed by nerve-wracking pain
             ... invoked by an orc priest
              (7 damage)
             ... on level 2 of the Dungeon.
             The game lasted 00:08:31 (1302 turns).

subawu the Digger (Draconian Earth Elementalist)    Turns: 1302, Time: 00:08:31

Health: -3/26      AC:  6    Str: 10    XL:     3   Next: 60%
Magic:  2/6        EV: 12    Int: 15    God:
Gold:   66         SH:  0    Dex: 13    Spells: 5/6 levels left

rFire   . . .        d - +0 dagger (speed)
rCold   . . .        (no shield)
rNeg    . . .        (body armour unavailable)
rPois   .            (helmet restricted)
rElec   .            (no cloak)
rCorr   .            q - +0 pair of gloves
SInv    .            (no boots)
Will    .....        (no amulet)
Stlth   ++           (no ring)
HPRegen 0.24/turn    (no ring)
MPRegen 0.10/turn

%: no passive effects
@: lethally poisoned (-3 -> -9)
A: AC +5, unfitting armour, cold-blooded
a: no special abilities


You were on level 2 of the Dungeon.
You visited 1 branch of the dungeon, and saw 2 of its levels.

You collected 66 gold pieces.

Inventory:

Hand Weapons
 c - a +4 sling
 d - a +0 dagger of speed (weapon)
Missiles
 m - 14 stones
Armour
 q - a +0 pair of gloves (worn)
Wands
 p - a wand of paralysis (9)
Scrolls
 b - 3 scrolls of identify {unknown}
 g - 2 scrolls of teleportation {unknown}
 h - a scroll of enchant armour {unknown}
 i - a scroll of acquirement {unknown}
 j - a scroll of butterflies {unknown}
 k - a scroll of fear {unknown}
 n - 2 scrolls of fog {unknown}
Potions
 a - a potion of magic
 e - 2 potions of heal wounds {unknown}
 f - a potion of invisibility {unknown}
 l - 2 potions of curing {unknown}
 o - a potion of might {unknown}
 r - a potion of brilliance {unknown}


   Skills:
 + Level 1.0 Short Blades
 + Level 2.2 Dodging
 + Level 2.2 Stealth
 + Level 2.3 Spellcasting
 + Level 1.5 Transmutations
 + Level 3.3 Earth Magic


You had 5 spell levels left.
You knew the following spells:

 Your Spells              Type           Power      Damage    Failure   Level
a - Sandblast             Erth           22%        2d7       5%          1

Your spell library contained the following spells:

 Spells                   Type           Power      Damage    Failure   Level
 Passwall                 Tmut/Erth      7%         N/A       12%         2
 Stone Arrow              Conj/Erth      12%        3d7       32%         3
 Petrify                  Tmut/Erth      9%         N/A       61%         4


Dungeon Overview and Level Annotations

Branches:
Dungeon (2/15)

Altars:

Shops:
D:1 (


Innate Abilities, Weirdness & Mutations

Your plain brown scales are hard. (AC +5)
You cannot fit into any form of body armour.
You are cold-blooded and may be slowed by cold attacks.


Message History

The orc closely misses you.
Casting: Sandblast (safe; 5% risk of failure)
Confirm with . or Enter, or press ? or * to list all spells.
Aiming: Sandblast (safe; 5% risk of failure)
Press: ? - help, Shift-Dir - straight line, f/p - bat
Aim: a bat (73% to hit)
The blast of sand misses the bat.
The bat hits you but does no damage.
The orc priest mumbles some strange prayers to Beogh against you.
Beogh smites you! The rat bites you but does no damage.
The orc hits you with a +0 dagger. The orc misses you.
The adder bites you but does no damage. The orc hits you with a +0 short sword.
The rat misses you.
Casting: Sandblast (safe; 5% risk of failure)
Confirm with . or Enter, or press ? or * to list all spells.
Aiming: Sandblast (safe; 5% risk of failure)
Press: ? - help, Shift-Dir - straight line, f/p - bat
Aim: a bat (73% to hit)
The blast of sand hits the orc!
You kill the orc!
The bat closely misses you. The adder bites you. The orc barely misses you.
The rat closely misses you. The orc hits you with a +0 dagger.
* * * LOW HITPOINT WARNING * * *
The adder barely misses you. The adder misses you.
You hit the orc.
The orc is heavily wounded.
The adder barely misses you. The orc hits you but does no damage.
The orc priest calls upon Beogh to heal the orc.
The orc's wounds heal themselves!
The rat barely misses you. The orc hits you with a +0 dagger.
* * * LOW HITPOINT WARNING * * *
The adder barely misses you.
You hit the orc.
The orc is heavily wounded.
The adder bites you.
* * * LOW HITPOINT WARNING * * *
You are lethally poisoned!
The adder poisons you! The orc completely misses you.
The orc priest calls down the wrath of Beogh upon you.
Pain shoots through your body!
You die...

...........##
............#
............#
............#
............#
......Kb....##########
......roS...##.......#
......o@o............###
...##.So..####..........
###..## #.......# .
##..####.....>.#
##.......#..#
###........##
#.......†.##
#......#...#
#......###.##


You could see an orc priest, 2 adders, 3 orcs, a bat, a kobold and a rat.

Vanquished Creatures
  A worm (D:2)
  An orc (D:2)
  7 ball pythons
  7 endoplasms
  A giant cockroach (D:1)
  A goblin (D:1)
  2 hobgoblins (D:1)
  7 jackals
  A quokka (D:2)
  7 bats
  3 frilled lizards
  A kobold (D:1)
  5 rats
44 creatures vanquished.

Notes
Turn   | Place    | Note
-------+----------+-------------------------------------------
     0 | D:1      | subawu the Draconian Earth Elementalist began the quest for
                  | the Orb.
     0 | D:1      | Reached XP level 1. HP: 14/14 MP: 3/3
    68 | D:1      | Found Jil Vem's Antique Weapon Boutique.
   114 | D:1      | Found a faded altar of an unknown god.
   260 | D:1      | Reached XP level 2. HP: 20/20 MP: 3/5
   661 | D:1      | Reached XP level 3. HP: 26/26 MP: 3/6
  1131 | D:2      | Reached skill level 1 in Short Blades
  1302 | D:2      | Killed from afar by an orc priest

Illustrated notes

Levels and vault maps discovered:
D:1:      dpeg_arrival_shelter, layout_rooms, serial_shops,
          nicolae_shop_peninsula, nicolae_ecumenical_lake_church
D:2:      layout_rooms

Skill      XL: |  1  2  3 |
---------------+----------+-----
Stealth        | 2 |  2.2
Dodging        | 2 |  2.2
Short Blades   | 1 |  1.0
Spellcasting   | |  2.3
Transmutations | |  1.5
Earth Magic    | |  3.3

Action                     || total
---------------------------++-------
  Melee: Dagger            ||    91
         Tailslap          ||    13
   Cast: Sandblast         ||    42
 Armour: Skin              ||    50
  Dodge: Dodged            ||   120

Table legend: (Time is in decaauts)
 A = Elapsed time spent in this place.
 B = Non-inter-level travel time spent in this place.
 C = Inter-level travel time spent in this place.
 D = Time resting spent in this place.
 E = Time spent auto-exploring this place.
 F = Levels seen in this place.
 G = Mean time per level.
                   A        B        C        D        E       F      G
               +--------+--------+--------+--------+--------+-----+--------+
         Total |   1294 |   1216 |     78 |      0 |    643 |   2 |  647.0 |
       Dungeon |   1294 |   1216 |     78 |      0 |    643 |   2 |  647.0 |
               +--------+--------+--------+--------+--------+-----+--------+

Top non-repeatable levels by time:
     D:1: 903 daAuts
     D:2: 391 daAuts
